 Dungeon Crawl Stone Soup version 0.17.0-24-gcfadda4 (webtiles) character file.

1045 M4edhros the Covert (level 8, -1/52 HPs)
             Began as an Octopode Chaos Knight on Nov 15, 2015.
             Slain by an orc
             ... wielding a +0 trident
              (4 damage)
             ... on level 5 of the Dungeon.
             The game lasted 00:05:37 (3501 turns).

M4edhros the Covert (Octopode Chaos Knight)         Turns: 3501, Time: 00:05:37

Health: -1/52      AC:  1    Str: 15    XL:     8   Next: 25%
Magic:  7/7        EV: 12    Int: 14    God:    Xom [.....*]
Gold:   259        SH:  0    Dex: 13    Spells: 0 memorised, 7 levels left

rFire  . . .     SeeInvis .     a - +0 spear (chaos)
rCold  + . .     Clarity  .     (no shield)
rNeg   + + .     SustAt   .     (helmet restricted)
rPois  .         Gourm    .     o - amulet of warding
rElec  .         Spirit   .     (no ring)
rCorr  .         Warding  +     n - ring of protection from cold
rMut   .         Stasis   .     r - ring of positive energy
MR     .....                    (no ring)
Stlth  ++++++....               (no ring)
                                (no ring)
                                (no ring)
                                (no ring)

@: mighty, lethally poisoned (-1 -> -1), not resistant to hostile enchantments,
very stealthy
A: almost no armour, amphibious, 8 rings, constrict 8, camouflage 1, low mp 1,
regeneration 1, weak 1, gelatinous body 1
a: Renounce Religion


You were on level 5 of the Dungeon.
You worshipped Xom.
You were Xom's teddy bear.
You were hungry.

You visited 1 branch of the dungeon, and saw 5 of its levels.

You collected 329 gold pieces.
You spent 70 gold pieces at shops.

Inventory:

Hand Weapons
 a - a +0 spear of chaos (weapon)
 b - a +2 quarterstaff of chaos
Missiles
 p - 86 stones (quivered)
Jewellery
 n - a ring of protection from cold (right tentacle)
 o - an amulet of warding (around mantle)
 r - a ring of positive energy (on tentacle)
Scrolls
 g - a scroll of blinking {unknown}
 j - 2 scrolls of fog {unknown}
 k - 5 scrolls of remove curse
 m - 3 scrolls of identify {unknown}
 q - a scroll of fear {unknown}
Potions
 i - a potion of magic
Comestibles
 f - 2 fruits
 h - 2 royal jellies
 s - 3 bread rations
 t - 2 slices of pizza


   Skills:
 - Level 3.0 Fighting
 - Level 4.5(5.2) Polearms
 + Level 4.0(5.0) Staves
 - Level 2.3 Dodging
 * Level 10.5 Stealth


You had 7 spell levels left.
You didn't know any spells.

Dungeon Overview and Level Annotations

Branches:
Dungeon (5/15)
 Temple: D:4-7

Altars:
Ashenzari
Cheibriados
Fedhas
Qazlal
Ru
Trog

Shops:
D:5 !


Innate Abilities, Weirdness & Mutations

You cannot wear most types of armour.
You are amphibious.
You can wear up to eight rings at the same time.
You can use your tentacles to constrict eight enemies at once.
Your skin changes colour to match your surroundings (Stealth).
Your rubbery body absorbs attacks (AC +1).
Your magical capacity is low (-10% MP).
Your natural rate of healing is unusually fast.
You are weak. (Str -2)


Message History

You hit the orc wizard. Your grab misses the orc wizard.
Your squeeze misses the orc wizard.
The orc wizard is almost dead.
You feel sick.
The orc wizard casts a spell.
The orc wizard blinks!
The orc barely misses you.
Unknown command.
Unknown command.
You barely miss the orc wizard. Your grab misses the orc wizard.
Your squeeze misses the orc wizard.
The orc wizard is almost dead.
The orc wizard hits you but does no damage.
Unknown command.
Unknown command.
Unknown command.
You puncture the orc wizard!
You kill the orc wizard!
The orc barely misses you.
The orc hits you from afar with a trident.
You die...

#.......# #...
#.####..# ####
#......[# #######.#
###########.##
#............#
#............+
###)oo.........#
#..@########.......
#...# ##+####..
#...# #.........
#...# #.........
#...# #........
#...# #...... #...#
.... #...########.#
#.).##.......#######


You could see 2 orcs.

Vanquished Creatures
  Pikel (D:4)
  A slave (D:4)
  A black bear (D:4)
  A centaur zombie (D:3)
  A crimson imp (D:5)
  A jelly (D:5)
  An orc priest (D:3)
  Crazy Yiuf (D:3)
  3 hounds (D:4)
  2 worker ants (D:4)
  2 orc wizards (D:5)
  A gnoll (D:4)
  9 adders
  An ooze (D:2)
  2 worms
  An adder skeleton (D:4)
  2 giant geckos (D:1)
  10 orcs
  5 goblins
  5 hobgoblins
  9 jackals
  4 quokkas
  A ball python (D:1)
  4 bats
  2 giant cockroaches
  3 giant newts
  3 kobolds
  5 rats
82 creatures vanquished.

Vanquished Creatures (others)
  A jelly (D:5)
1 creature vanquished.

Grand Total: 83 creatures vanquished

Notes
Turn   | Place    | Note
--------------------------------------------------------------
     0 | D:1      | M4edhros the Octopode Chaos Knight began the quest for the Orb.
     0 | D:1      | Reached XP level 1. HP: 16/16 MP: 1/1
     5 | D:1      | XOM: harmless Chrm miscast
   165 | D:1      | Reached skill level 1 in Stealth
   167 | D:1      | Reached XP level 2. HP: 13/21 MP: 2/2
   223 | D:1      | XOM: torment (4/21 hp)
   334 | D:1      | XOM: summons 1 hostile demon
   539 | D:1      | XOM: mild Necr miscast
  1179 | D:2      | Reached XP level 3. HP: 23/26 MP: 3/3
  1208 | D:2      | XOM: harmless Chrm miscast
  1391 | D:2      | Reached XP level 4. HP: 27/31 MP: 4/4
  1620 | D:3      | XOM: colour smoke trail
  1673 | D:3      | XOM: mild Tloc miscast
  1779 | D:3      | Reached skill level 4 in Stealth
  1980 | D:3      | XOM: harmless Fire miscast
  1983 | D:3      | XOM: confusion (+ monsters)
  2061 | D:3      | Reached skill level 5 in Stealth
  2061 | D:3      | Reached XP level 5. HP: 36/36 MP: 5/5
  2241 | D:3      | Noticed Crazy Yiuf
  2251 | D:3      | Killed Crazy Yiuf
  2251 | D:3      | Reached skill level 6 in Stealth
  2469 | D:4      | Reached XP level 6. HP: 42/42 MP: 6/6
  2492 | D:4      | Reached skill level 1 in Staves
  2516 | D:4      | Reached skill level 7 in Stealth
  2556 | D:4      | Found a blossoming altar of Fedhas.
  2556 | D:4      | Found a snail-covered altar of Cheibriados.
  2556 | D:4      | Found a shattered altar of Ashenzari.
  2556 | D:4      | XOM: 7-stop teleportation journey
  2657 | D:4      | XOM: 1-stop teleportation journey
  2661 | D:4      | Found a sacrificial altar of Ru.
  2661 | D:4      | Found a bloodstained altar of Trog.
  2663 | D:4      | Found a stormy altar of Qazlal.
  2742 | D:4      | Noticed a slave
  2742 | D:4      | Noticed a slave
  2744 | D:4      | Noticed Pikel
  2745 | D:4      | Noticed a slave
  2746 | D:4      | Noticed a slave
  2757 | D:4      | Killed a slave
  2760 | D:4      | Killed Pikel
  2760 | D:4      | Reached skill level 9 in Stealth
  2760 | D:4      | Reached XP level 7. HP: 35/46 MP: 7/7
  3189 | D:4      | Noticed a black bear
  3196 | D:4      | Killed a black bear
  3196 | D:4      | Reached skill level 10 in Stealth
  3196 | D:4      | Reached XP level 8. HP: 19/52 MP: 8/8
  3292 | D:5      | Entered Level 5 of the Dungeon
  3377 | D:5      | Found Lynasita's Distillery.
  3402 | D:5      | Bought a potion of heal wounds for 70 gold pieces
  3443 | D:5      | XOM: destruction
  3472 | D:5      | Gained mutation: You are weak. (Str -2) [potion of mutation]
  3472 | D:5      | Gained mutation: Your magical capacity is low (-10% MP). [potion of mutation]
  3472 | D:5      | Gained mutation: Your natural rate of healing is unusually fast. [potion of mutation]
  3499 | D:5      | HP: 2/52 [poison (a potion of poison)]
  3501 | D:5      | Slain by an orc

Action                   |  1- 3 |  4- 6 |  7- 9 || total
-------------------------+-------+-------+-------++-------
Melee: Spear             |    81 |    62 |    16 ||   159
       Quarterstaff      |       |    26 |    30 ||    56
  Use: Potion            |     2 |     1 |     5 ||     8
       Scroll            |       |       |     1 ||     1
 Stab: Sleeping          |     9 |     8 |     4 ||    21
       Petrified         |     3 |       |       ||     3
       Paralysed         |     2 |       |     1 ||     3
       Confused          |       |     2 |       ||     2
       Distracted        |       |     1 |       ||     1
       Petrifying        |       |     1 |       ||     1
  Eat: Chunk             |     1 |     1 |     1 ||     3
       Bread ration      |       |     1 |       ||     1
